Map: Pillars of Gold LE

Players

GOStephano (Stephano)

  • Race: Zerg Zerg
  • League: Grandmaster
  • Spawn Location: 1:00

soul - Winner!

  • Race: Terran Terran
  • League: Grandmaster
  • Spawn Location: 7:00

Event: DreamHack SC2 Masters 2020 Winter

VOD

Have the link to the VOD?

Description

Time

  • Played on: Nov. 1, 2020, 1:29 p.m.
  • Length: 13:00

All games in this series

Show
View Real Time Build Order
Export as new Build Order

GOStephano Zerg 

Build Orders: Pool First 

Get SALT Encoding   

  12  0:00  Drone  
  13  0:12  Overlord  
  13  0:17  Drone  
  14  0:30  Drone x2  
  16  0:42  Spawning Pool  
  15  0:45  Drone  
  15  0:49  Drone  
  17  1:09  Hatchery  
  16  1:13  Drone  
  17  1:26  Extractor  
  17  1:29  Zergling x6  
  19  1:34  Queen  
  21  1:41  Overlord  
  21  1:52  Drone  
  22  2:03  Drone  
  23  2:11  Queen  
  23  2:12  Drone  
  26  2:26  Drone x2  
  27  2:32  Metabolic Boost  
  27  2:35  Drone x2  
  28  2:42  Drone  
  28  2:53  Hatchery  
  28  2:54  Drone  
  28  2:55  Drone  
  29  3:02  Queen  
  29  3:04  Drone  
  32  3:09  Overlord  
  32  3:13  Drone  
  33  3:20  Drone x2  
  33  3:21  Drone  
  36  3:29  Zergling x6  
  36  3:30  Zergling x2  
  36  3:32  Overlord  
  36  3:34  Drone  
  41  3:41  Spore Crawler  
  40  3:43  Drone x3  
  44  3:49  Extractor  
  44  3:51  Drone x4  
  47  3:59  Drone  
  47  4:01  Roach Warren  
  47  4:03  Overlord  
  47  4:09  Spore Crawler  
  46  4:13  Zergling x6  
  49  4:20  Queen  
  49  4:21  Drone x2  
  53  4:26  Overlord  
  53  4:31  Drone  
  53  4:32  Drone  
  53  4:37  Drone x2  
  57  4:39  Overlord  
  57  4:42  Drone  
  57  4:45  Drone x2  
  59  4:46  Overlord  
  59  4:50  Roach x2  
  62  4:56  Roach  
  62  4:57  Roach x2  
  68  5:05  Drone x3  
  68  5:06  Lair  
  71  5:10  Roach  
  73  5:15  Queen  
  73  5:19  Drone x3  
  78  5:22  Drone x3  
  78  5:26  Drone x3  
  83  5:31  Evolution Chamber  
  83  5:32  Ravager x2, Evolution Chamber  
  83  5:33  Ravager  
  83  5:34  Ravager  
  83  5:35  Drone  
  86  5:42  Drone  
  85  5:44  Extractor  
  85  5:45  Extractor x2  
  85  5:47  Drone x7, Extractor  
  85  6:05  Roach x2  
  85  6:09  Zerg Ground Armor Level 1  
  85  6:11  Drone x4  
  78  6:16  Zerg Missile Weapons Level 1  
  78  6:19  Queen x2  
  78  6:22  Roach x4  
  90  6:26  Overlord x4  
  90  6:28  Glial Reconstitution  
  90  6:35  Overlord  
  88  6:43  Roach  
  88  6:44  Roach x2  
  88  6:45  Roach x3  
  91  7:00  Drone x6  
  91  7:01  Drone  
  98  7:04  Roach x4  
  106  7:11  Roach  
  106  7:12  Roach x3  
  114  7:24  Roach  
  114  7:25  Roach  
  118  7:31  Spore Crawler  
  118  7:32  Roach x3  
  118  7:35  Ravager  
  118  7:36  Hatchery, Ravager x2  
  125  7:38  Ravager x2  
  129  7:44  Overlord, Roach  
  129  7:45  Overlord x2  
  129  7:49  Tunneling Claws  
  129  7:51  Burrow  
  129  7:55  Hydralisk Den  
  128  8:01  Overlord  
  128  8:06  Drone x3  
  128  8:07  Drone x7  
  128  8:09  Overlord  
  138  8:15  Zerg Ground Armor Level 2  
  138  8:23  Drone  
  139  8:28  Drone  
  139  8:29  Infestation Pit, Drone  
  139  8:30  Lurker Den, Drone x2  
  139  8:31  Zerg Missile Weapons Level 2  
  141  8:55  Hatchery  
  140  8:56  Hydralisk x8  
  156  9:05  Hydralisk x3  
  156  9:07  Overlord  
  162  9:14  Hive  
  147  9:33  Drone x2  
  147  9:36  Hydralisk  
  147  9:37  Hydralisk x6  
  155  9:57  Roach x4  
  146  10:07  Roach x7  
  146  10:15  Drone  
  146  10:16  Drone  
  146  10:17  Drone x5  
  149  10:28  Lurker x2  
  147  10:30  Zergling x16  
  147  10:33  Extractor  
  147  10:34  Extractor  
  148  10:59  Roach x17  
  148  11:02  Drone x5  
  148  11:03  Seismic Spines  
  147  11:07  Muscular Augments  
  144  11:24  Roach x4  
  140  11:26  Overlord  
  140  11:27  Roach x2  
  140  11:28  Roach x6  
  140  11:29  Roach x3  
  140  11:31  Overlord x2  
  140  11:32  Overlord x2  
  140  11:39  Hatchery  
  128  12:02  Hydralisk x8  
  139  12:10  Roach x3  
  139  12:11  Roach  
  139  12:12  Roach  
  139  12:14  Roach x3  
  138  12:16  Hatchery, Hydralisk x5  
  138  12:22  Hydralisk x2  
  147  12:35  Overlord, Roach, Hydralisk x2  
  147  12:36  Roach x5  
Show
View Real Time Build Order
Export as new Build Order

soul Terran - Winner!

Build Orders: Reaper Expand 

Get SALT Encoding   

  12  0:00  SCV  
  13  0:12  SCV  
  14  0:17  Supply Depot  
  14  0:24  SCV  
  15  0:39  SCV  
  15  0:40  Barracks  
  16  0:45  Refinery  
  16  0:51  SCV  
  17  1:03  SCV  
  18  1:15  SCV  
  19  1:27  Orbital Command  
  19  1:29  Reaper  
  20  1:45  Command Center  
  20  1:53  SCV  
  21  1:58  Supply Depot  
  21  2:02  Marine  
  21  2:06  SCV  
  23  2:14  Factory  
  23  2:20  SCV  
  24  2:25  Barracks Reactor  
  24  2:32  SCV  
  25  2:44  SCV  
  25  2:45  Bunker  
  25  2:56  SCV  
  26  2:59  Orbital Command  
  26  3:05  Command Center  
  26  3:08  SCV  
  26  3:11  Hellion  
  29  3:15  Barracks Tech Lab  
  31  3:20  Hellion  
  31  3:23  SCV  
  31  3:25  SCV  
  33  3:35  SCV  
  33  3:37  SCV  
  33  3:38  Barracks  
  33  3:39  Stimpack  
  33  3:40  Marine  
  36  3:45  Hellion  
  36  3:47  SCV  
  39  3:49  Hellion  
  39  3:50  SCV  
  42  3:59  SCV  
  42  4:01  Starport  
  43  4:03  SCV  
  43  4:04  Refinery  
  44  4:10  Marine  
  44  4:11  SCV  
  44  4:17  SCV  
  47  4:18  Supply Depot  
  47  4:21  Orbital Command  
  47  4:22  Factory Tech Lab  
  47  4:23  SCV  
  48  4:28  Marine  
  48  4:29  SCV  
  50  4:32  Refinery, Marine  
  50  4:35  SCV  
  50  4:36  Marine  
  50  4:38  Starport Reactor  
  53  4:41  SCV  
  53  4:45  Marine  
  53  4:48  SCV  
  53  4:49  Marine  
  53  4:50  Siege Tank  
  53  4:51  SCV  
  59  4:53  SCV  
  59  4:54  Marine  
  59  4:59  Supply Depot  
  61  5:00  SCV  
  61  5:02  Bunker  
  61  5:03  SCV  
  61  5:05  SCV, Marine  
  61  5:06  Refinery  
  64  5:07  Marine  
  64  5:12  SCV  
  66  5:15  SCV  
  66  5:17  Medivac  
  66  5:20  SCV, Medivac  
  72  5:23  Supply Depot  
  72  5:24  Marine  
  72  5:26  SCV  
  72  5:27  Marine  
  73  5:28  SCV  
  73  5:29  Marine  
  73  5:33  SCV  
  76  5:37  Engineering Bay  
  76  5:41  SCV  
  76  5:42  Engineering Bay  
  77  5:44  Combat Shield  
  77  5:51  Supply Depot  
  77  5:53  SCV x3, Marine x3  
  83  6:01  Medivac x2  
  83  6:09  SCV  
  83  6:10  Terran Infantry Weapons Level 1, Terran Infantry Armor Level 1  
  84  6:11  Marine x3  
  84  6:16  SCV  
  84  6:17  Orbital Command  
  88  6:19  Siege Tank  
  88  6:20  Barracks  
  88  6:22  SCV  
  92  6:28  SCV  
  92  6:29  Marine x3  
  92  6:31  Supply Depot  
  96  6:34  SCV  
  96  6:35  Medivac  
  95  6:41  SCV  
  95  6:44  SCV  
  95  6:47  SCV, Marine x3  
  97  6:52  Siege Tank  
  97  6:53  SCV  
  103  6:54  Medivac  
  103  6:59  SCV  
  103  7:00  Bunker  
  106  7:03  Supply Depot x2  
  106  7:04  Marine x3  
  106  7:06  Bunker  
  106  7:08  Barracks Reactor  
  109  7:11  Supply Depot  
  109  7:12  Supply Depot x2  
  109  7:21  Armory  
  109  7:25  Marine, Siege Tank  
  109  7:26  Marine  
  109  7:27  SCV, Supply Depot x2  
  109  7:29  SCV  
  116  7:31  SCV  
  116  7:32  Bunker  
  116  7:33  Marine  
  116  7:36  Missile Turret  
  118  7:42  Marine  
  118  7:43  Barracks  
  118  7:44  Marine, Barracks  
  119  7:46  Marine  
  119  7:48  Marine  
  122  7:51  Sensor Tower  
  122  7:53  Supply Depot, Marine  
  122  7:54  Supply Depot  
  123  8:00  Marine  
  123  8:02  Marine, Liberator x2  
  123  8:04  Marine  
  132  8:05  Marine  
  132  8:07  Supply Depot  
  132  8:09  Supply Depot  
  132  8:11  Marine  
  133  8:18  Marine  
  133  8:19  Terran Infantry Weapons Level 2  
  134  8:20  Command Center, Marine  
  134  8:22  Marine  
  134  8:26  Marine  
  137  8:29  Marine  
  137  8:30  Terran Infantry Armor Level 2  
  137  8:33  Refinery x2, Marine  
  139  8:34  Supply Depot  
  139  8:36  Marine  
  139  8:39  Marine  
  141  8:43  Supply Depot  
  141  8:45  SCV, Medivac, Marine  
  141  8:48  SCV  
  146  8:50  Medivac  
  144  8:57  Marine x4  
  144  8:58  Barracks Reactor x2  
  148  9:06  SCV  
  148  9:08  Marine  
  150  9:14  SCV  
  150  9:15  Marine x2  
  151  9:18  Marine x2  
  154  9:24  Siege Tank  
  154  9:26  Marine  
  154  9:30  SCV x2  
  151  9:32  Marine x2  
  151  9:33  SCV  
  151  9:36  Marine x2  
  156  9:38  Marine  
  156  9:42  SCV x2  
  156  9:44  Marine  
  160  9:50  Marine x5  
  165  9:54  Marine x2  
  165  9:56  Marine, Siege Tank  
  165  9:57  Medivac  
  173  10:02  Marine  
  168  10:08  Marine x4  
  168  10:10  Planetary Fortress  
  168  10:13  Marine x2  
  174  10:14  Barracks  
  174  10:15  Barracks  
  173  10:21  Marine  
  173  10:23  Marine x2  
  173  10:26  Marine x4  
  173  10:28  Siege Tank  
  180  10:30  Marine  
  180  10:32  Marine  
  177  10:36  SCV, Refinery x2  
  177  10:37  SCV, Sensor Tower  
  177  10:38  SCV  
  177  10:39  Marine  
  177  10:41  Marine x2  
  183  10:44  Marine x4  
  183  10:48  Marine  
  183  10:49  Marine  
  183  10:51  Barracks  
  183  10:52  Barracks x2  
  183  10:57  Marine  
  183  11:00  Marine  
  183  11:01  Marine, Siege Tank  
  189  11:06  Marine x5  
  189  11:07  Marine  
  189  11:08  Ghost Academy, Barracks Tech Lab  
  189  11:11  Medivac  
  196  11:15  Marine  
  196  11:16  SCV  
  189  11:22  Marine x3  
  189  11:24  Marine x5  
  189  11:25  Marine  
  194  11:29  Marine  
  196  11:33  Siege Tank  
  196  11:34  Missile Turret  
  199  11:46  Marine  
  196  11:47  Marine  
  196  11:48  Marine x4  
  196  11:51  Marine  
  196  11:52  Liberator x2  
  196  11:59  Marine x2  
  196  12:00  SCV  
  197  12:04  Marine  
  197  12:05  Siege Tank  
  197  12:06  SCV x2  
  197  12:07  Marine  
  192  12:10  Marine  
  192  12:12  SCV  
  192  12:13  Marine  
  184  12:16  Marine  
  184  12:20  SCV  
  184  12:21  Missile Turret  
  183  12:23  Bunker  
  183  12:25  Marine  
  183  12:26  SCV  
  178  12:41  Marine  
Tags
 
Add a new tag
Caveats
  • Supply blocks, unpowered buildings, or Contaminate may cause inaccurate times.
  • Supply counts are checked every 10 seconds.